 Dungeon Crawl Stone Soup version 0.22-a0-799-g88f5e90 (webtiles) character file.

189 mopl the Insei (level 5, 0/37 HPs)
             Began as a Barachi Transmuter on July 21, 2018.
             Slain by an orc wizard
             ... wielding a +0 dagger
              (5 damage)
             ... on level 4 of the Dungeon.
             The game lasted 00:05:18 (2859 turns).

mopl the Insei (Barachi Transmuter)                 Turns: 2859, Time: 00:05:19

Health: 0/37       AC:  2    Str: 11    XL:     5   Next: 68%
Magic:  8/9        EV: 12    Int: 20    God:
Gold:   201        SH:  0    Dex: 12    Spells: 0/10 levels left

rFire    + . .     SeeInvis .     - Unarmed
rCold    . . .     Gourm    .   (no shield)
rNeg     . . .     Faith    .   b - +0 robe
rPois    .         Spirit   .   (no helmet)
rElec    .         Reflect  .   (no cloak)
rCorr    .         Harm     .   (no gloves)
MR       .....                  (no boots)
Stlth    +.........             (no amulet)
HPRegen  0.12/turn              c - ring of protection from fire
MPRegen  0.11/turn              v - +5 ring of intelligence

@: confused, slow
A: +LOS, swims, slowness 1, strong legs 1
a: Hop


You were on level 4 of the Dungeon.
You were hungry.

You visited 1 branch of the dungeon, and saw 4 of its levels.

You collected 201 gold pieces.

Inventory:

Missiles
 a - 35 arrows
 e - 18 poisoned needles
 l - 8 curare-tipped needles
 t - 5 tomahawks (quivered)
Armour
 b - a +0 robe (worn)
Jewellery
 c - a ring of protection from fire (left hand)
 v - a +5 ring of intelligence (right hand)
 x - an uncursed ring of ice
Wands
 h - a wand of iceblast (15)
 i - a wand of digging (15)
Scrolls
 f - 4 scrolls of remove curse {unknown}
 g - a scroll of fog {unknown}
 j - a scroll of teleportation {unknown}
 o - 2 scrolls of amnesia {unknown}
 p - a scroll of identify {unknown}
 s - a scroll of enchant armour {unknown}
Potions
 k - a potion of might {unknown}
 m - a potion of brilliance {unknown}
 n - 2 potions of ambrosia {unknown}
 q - a potion of haste {unknown}
 r - 2 potions of degeneration {unknown}
 u - 2 potions of magic {unknown}
 z - a potion of heal wounds {unknown}
Comestibles
 d - 3 rations
 w - 3 chunks of flesh


   Skills:
 - Level 1.2 Fighting
 - Level 2.1 Dodging
 * Level 5.0 Unarmed Combat
 + Level 3.2 Spellcasting
 + Level 3.4 Transmutations
 + Level 0.9 Ice Magic
 + Level 1.7 Poison Magic


You couldn't memorise any spells.
You knew the following spells:

 Your Spells              Type           Power        Failure   Level  Hunger
a - Beastly Appendage     Tmut           ###...       3%          1    None
b - Spider Form           Tmut/Pois      ##........   14%         3    ###....
d - Ice Form              Ice/Tmut       ##......     50%         4    ####...
w - Sticks to Snakes      Tmut           ###.....     5%          2    ##.....

Your spell library contained the following spells:

 Spells                   Type           Power        Failure   Level  Hunger
 Blade Hands              Tmut           ###.......   67%         5    ######.


Dungeon Overview and Level Annotations

Branches:
Dungeon (4/15)
 Temple: D:4-7

Altars:
Ashenzari
The Shining One

Annotations:
D:3 bb phantom


Innate Abilities, Weirdness & Mutations

Shadows flee at your approach. (+LOS)
You can swim through water.
You cover ground slowly.
You can hop short distances.


Message History

Something hits you but does no damage.
You feel less confused. Something hits you. Something hits you.
* * * LOW HITPOINT WARNING * * *
You hear some strange, mumbled words.
You are confused.
You bump into the rock wall.
Your transformation has ended.
Your +0 robe unmelds from your body.
Something hits you.
* * * LOW HITPOINT WARNING * * *
You bump into the rock wall.
Something hits you.
* * * LOW HITPOINT WARNING * * *
You bump into the rock wall.
Something hits you but does no damage.
Unknown command.
Unknown command.
You're too confused to move!
Something hits you.
* * * LOW HITPOINT WARNING * * *
You bump into the rock wall.
Something hits you.
You die...

# #.
#.###########
#............
###..########
#..# #.@#
###..# ##
#....# ...
#.##.# #..
#)##.# #.#
#)##.# #.#
#.##.# #.#
#.##.#####
#.#
#........#
###.#####


There were no monsters in sight!

Vanquished Creatures
  A hound (D:4)
  An orc priest (D:3)
  Ijyb (D:2)
  An orc wizard (D:3)
  An adder (D:3)
  2 worms (D:4)
  3 leopard geckos
  12 orcs
  A ball python (D:2)
  3 giant cockroaches
  4 hobgoblins
  4 kobolds
  6 bats
  2 frilled lizards
  8 rats
50 creatures vanquished.

Vanquished Creatures (collateral kills)
  An adder (D:2)
1 creature vanquished.

Grand Total: 51 creatures vanquished

Notes
Turn   | Place    | Note
-------+----------+-------------------------------------------
     0 | D:1      | mopl the Barachi Transmuter began the quest for the Orb.
     0 | D:1      | Reached XP level 1. HP: 15/15 MP: 3/3
   371 | D:1      | Reached XP level 2. HP: 17/21 MP: 3/5
   607 | D:1      | Learned a level 2 spell: Sticks to Snakes
   899 | D:2      | Found a shattered altar of Ashenzari.
  1111 | D:2      | Found a glowing golden altar of the Shining One.
  1278 | D:2      | Reached skill level 4 in Unarmed Combat
  1278 | D:2      | Reached XP level 3. HP: 11/26 MP: 2/6
  1291 | D:2      | Learned a level 3 spell: Spider Form
  1565 | D:3      | Noticed a phantom
  1679 | D:3      | Noticed Ijyb
  1687 | D:2      | Killed Ijyb
  1747 | D:3      | Reached XP level 4. HP: 31/32 MP: 0/8
  1810 | D:3      | Reached skill level 3 in Transmutations
  1810 | D:3      | Reached skill level 1 in Poison Magic
  2198 | D:3      | Reached skill level 3 in Spellcasting
  2201 | D:3      | Reached XP level 5. HP: 34/37 MP: 5/9
  2207 | D:3      | Learned a level 4 spell: Ice Form
  2812 | D:4      | Reached skill level 5 in Unarmed Combat
  2859 | D:4      | Slain by an orc wizard

Vault maps used:
D:1:      lightli_arrival_lavapool
D:2:      ashenzari_altar_1, nicolae_tso_swordbearing_angel
D:3:      lemuel_doored_altar, first_ration, uniq_ijyb, uniq_terence

Skill      XL: |  1  2  3  4  5 |
---------------+----------------+-----
Unarmed Combat | 4 5 |  5.0
Transmutations | 3 |  3.4
Poison Magic   | 1 |  1.7
Spellcasting   | 3 |  3.2
Fighting       | |  1.2
Dodging        | |  2.1
Ice Magic      | |  0.9

Action                   |  1- 3 |  4- 6 || total
-------------------------+-------+-------++-------
Melee: Unarmed           |    70 |    77 ||   147
       Kick              |     4 |     4 ||     8
       Headbutt          |     2 |     2 ||     4
       Punch             |       |     1 ||     1
 Cast: Beastly Appendage |    14 |     3 ||    17
       Sticks to Snakes  |     1 |       ||     1
       Spider Form       |     3 |     7 ||    10
  Use: Potion            |     1 |       ||     1
 Stab: Sleeping          |     2 |       ||     2
  Eat: Chunk             |     1 |     4 ||     5
       Ration            |     1 |       ||     1
Armor: Robe              |    16 |    14 ||    30
       Skin              |     2 |     2 ||     4
Dodge: Dodged            |    62 |    67 ||   129

Table legend:
 A = Spawn XP
 B = Non-spawn XP
 C = Spawn XP percentage of total XP
 D = Spawn monster count
 E = Non-spawn monster count
 F = Spawn count percentage of total count
 G = Total turns spent on level
                    A         B        C        D         E        F      G
               +---------+---------+-------+---------+---------+-------+---------
         Total |       0 |     271 |   0.0 |       0 |      51 |   0.0 |  2859
               +---------+---------+-------+---------+---------+-------+---------
           D:1 |       0 |      14 |   0.0 |       0 |       8 |   0.0 |   718
           D:2 |       0 |      64 |   0.0 |       0 |      12 |   0.0 |  1308
           D:3 |       0 |     129 |   0.0 |       0 |      24 |   0.0 |   745
           D:4 |       0 |      64 |   0.0 |       0 |       7 |   0.0 |    88
               +---------+---------+-------+---------+---------+-------+---------
